Whale vs Penguins

Created - Sunday, March 01, 2015 at 02:15

Goals
1 2 3 T
Whale 0 0 0 0
Penguins 0 0 1 1
Shots
1 2 3 T
Whale 7 1 17 25
Penguins 5 6 11 22

1st period

No Goal

Penalties :
Matt Kassian (WBS) for Fighting (Major) at 1:54, Mike Moore (CON) for Fighting (Major) at 1:54

2nd period

No Goal

Penalties :
Brennan Evans (CON) for Tripping (Minor) at 11:40

3rd period

1. Penguins , Cody Ceci 12 (Curtis McKenzie) at 2:05 (PP)

Penalties :
Derek Nesbitt (CON) for Hooking (Minor) at 1:36

Goalie Stats

Dustin Tokarski (CON), 21 saves from 22 shots - (0.955), L, 23-11-9, 59:31 minutes
Keith Kinkaid (WBS), 25 saves from 25 shots - (1.000), W, 35-5-13, 60:00 minutes

Players Stats for Whale

Player Name              G  A  P  +/- PIM S  H  SB GA TA FO     MP     PP MP  PK MP  
------------------------------------------------------------------------------------
Brad Staubitz            0  0  0   0  0   0  0  0  0  0  0/0     0:00   0:00   0:00 
Brandon Manning          0  0  0   0  0   0  0  0  0  0  0/0     0:00   0:00   0:00 
Brendan Ranford          0  0  0   0  0   2  1  0  4  2  0/1    17:05   0:00   0:00 
Brennan Evans            0  0  0   0  2   2  1  1  1  1  0/0    16:06   0:00   0:00 
Colin Fraser             0  0  0   0  0   4  2  0  2  0  2/3    19:55   0:00   0:29 
Dallas Jackson           0  0  0   0  0   1  1  1  0  1  0/0    20:41   0:00   1:29 
Denis Grebeshkov         0  0  0   0  0   2  0  2  1  4  0/0    23:33   0:00   0:59 
Denny Urban              0  0  0   0  0   0  0  2  1  3  0/0    18:00   0:00   0:00 
Derek Nesbitt            0  0  0   0  2   0  2  0  2  0  0/0    16:58   0:00   0:00 
James Livingston         0  0  0   0  0   0  1  1  1  1  0/0    17:20   0:00   0:00 
Jay Rosehill             0  0  0   0  0   0  0  0  3  0  0/0     9:31   0:00   0:39 
John McCarthy            0  0  0   0  0   2  0  1  4  0  4/7    18:03   0:00   0:00 
Kelly Zajac              0  0  0   0  0   1  0  1  2  0  8/11   17:40   0:00   2:01 
Mike Hedden              0  0  0   0  0   1  0  2  4  0  1/2    20:42   0:00   1:25 
Mike Moore               0  0  0   0  5   0  2  1  0  0  0/0    18:26   0:00   1:29 
Nick Tarnasky            0  0  0   0  0   2  4  0  1  0  1/2    21:24   0:00   0:22 
Radek Dvorak             0  0  0   0  0   0  2  0  1  1  7/15   18:32   0:00   0:00 
Taylor Chorney           0  0  0   0  0   8  0  1  0  1  0/0    23:33   0:00   0:59 

Players Stats for Penguins

Player Name              G  A  P  +/- PIM S  H  SB GA TA FO     MP     PP MP  PK MP  
------------------------------------------------------------------------------------
Carson McMillan          0  0  0   0  0   1  1  0  0  0  2/2    16:05   1:22   0:00 
Charles Sarault          0  0  0   0  0   3  0  1  1  2  7/12   19:14   1:06   0:00 
Chris Huxley             0  0  0   0  0   0  0  0  0  0  0/0     0:00   0:00   0:00 
Cody Ceci                1  0  1   0  0   5  1  4  4  2  0/0    26:44   1:35   0:00 
Curtis McKenzie          0  1  1   0  0   0  1  1  0  1  2/6    22:06   1:13   0:00 
Dan Biega                0  0  0   0  0   1  2  0  0  0  0/0    24:23   0:53   0:00 
Dean Arsene              0  0  0   0  0   0  1  0  0  0  0/0    14:52   0:00   0:00 
Drew Bagnall             0  0  0   0  0   0  0  1  1  1  0/0    16:01   0:00   0:00 
Garrett Meurs            0  0  0   0  0   1  1  0  1  0  0/2    20:39   0:44   0:00 
Hunter Bishop            0  0  0   0  0   0  1  0  1  1  1/2    16:21   0:31   0:00 
Jeff Schultz             0  0  0   0  0   1  1  1  1  1  0/0    19:52   1:35   0:00 
Linden Vey               0  0  0   0  0   3  0  0  2  1  5/14   20:55   1:13   0:00 
Matt Kassian             0  0  0   0  5   3  4  0  1  1  0/0    13:24   0:00   0:00 
Matt Mangene             0  0  0   0  0   0  1  0  0  0  0/1    15:56   0:31   0:00 
Philippe Cornet          0  0  0   0  0   1  1  1  2  0  1/2    19:35   0:44   0:00 
Ryan Spooner             0  0  0   0  0   1  1  0  8  2  0/0    14:38   0:00   0:00 
Trevor Parkes            0  0  0   0  0   0  0  0  0  0  0/0     1:06   0:00   0:00 
Xavier Ouellet           0  0  0   0  0   2  0  0  1  1  0/0    18:08   0:53   0:00 

3 Stars

1 - Keith Kinkaid (WBS)
2 - Dustin Tokarski (CON)
3 - Cody Ceci (WBS)

Power Play

Whale - 0 on 0 Attempt(s) - 0.00%
Penguins - 1 on 2 Attempt(s) - 50.00%

Penalty Kill

Whale - 1 on 2 Attempt(s) - 50.00% - Score 0 goal in Penalty Kill
Penguins - 0 on 0 Attempt(s) - 0.00% - Score 0 goal in Penalty Kill

Team Stat

Whale - Hits : 16 - Faceoff Wins : 23 - Blocked Shots : 13 - Penalty Minutes : 9
Penguins - Hits : 16 - Faceoff Wins : 18 - Blocked Shots : 9 - Penalty Minutes : 5

Official

Referees : Unknown
Linesman : Unknown

Game Notes

Matt Kassian and Mike Moore fight to a draw at 1:54 of 1st period

Finance

Level 1 -- Attendance: 1515 (75.75%) -- Ticket Income $53,025
Level 2 -- Attendance: 753 (75.30%) -- Ticket Income $11,295
Total Attendance: 2268 (75.60%)
Total Ticket Income: $64,320
Other Income: $31,517
Total Income: $95,837

Whale

5 vs 5 Forward 
   Center                   Left Wing                Right Wing               Time % Phy DF OF 
 1 Radek Dvorak             Nick Tarnasky            Colin Fraser             35     1   2  2  
 2 John McCarthy            Mike Hedden              James Livingston         30     1   2  2  
 3 Kelly Zajac              Brendan Ranford          Derek Nesbitt            22     1   2  2  
 4 Nick Tarnasky            Jay Rosehill             Mike Hedden              13     1   2  2  

5 vs 5 Defense 
   Defense                  Defense                                           Time % Phy DF OF 
 1 Denis Grebeshkov         Taylor Chorney                                    35     1   2  2  
 2 Dallas Jackson           Mike Moore                                        30     1   2  2  
 3 Denny Urban              Brennan Evans                                     22     1   2  2  
 4 Taylor Chorney           Denis Grebeshkov                                  13     1   2  2  

PowerPlay Forward 
   Center                   Left Wing                Right Wing               Time % Phy DF OF 
 1 Radek Dvorak             Nick Tarnasky            Colin Fraser             60     1   2  2  
 2 Jay Rosehill             Mike Hedden              James Livingston         40     1   2  2  

PowerPlay Defense
   Defense                  Defense                                           Time % Phy DF OF 
 1 Denis Grebeshkov         Taylor Chorney                                    60     1   2  2  
 2 Dallas Jackson           Mike Moore                                        40     1   2  2  

Penalty Kill 4 Players Forward 
   Center                   Wing                     Time % Phy DF OF 
 1 Mike Hedden              Kelly Zajac              60     1   2  2  
 2 Nick Tarnasky            Radek Dvorak             40     1   2  2  

Penalty Kill 4 Players Defense
   Defense                  Defense                  Time % Phy DF OF 
 1 Denis Grebeshkov         Taylor Chorney           60     1   2  2  
 2 Dallas Jackson           Mike Moore               40     1   2  2  

Penalty Kill - 3 Players Forward 
   Forward                                           Time % Phy DF OF 
 1 Nick Tarnasky                                     60     1   2  2  
 2 Mike Hedden                                       40     1   2  2  

Penalty Kill - 3 Players Defense
   Defense                  Defense                  Time % Phy DF OF 
 1 Denis Grebeshkov         Taylor Chorney           60     1   2  2  
 2 Dallas Jackson           Mike Moore               40     1   2  2  

4 vs 4 Forward 
   Center                   Wing                     Time % Phy DF OF 
 1 Mike Hedden              Brendan Ranford          60     1   2  2  
 2 Nick Tarnasky            Colin Fraser             40     1   2  2  

4 vs 4 Defense
   Defense                  Defense                  Time % Phy DF OF 
 1 Denis Grebeshkov         Taylor Chorney           60     1   2  2  
 2 Dallas Jackson           Mike Moore               40     1   2  2  

Last Minutes Offensive
   Center                   Left Wing                Right Wing               Defense                  Defense                  
   Radek Dvorak             Nick Tarnasky            Colin Fraser             Denis Grebeshkov         Taylor Chorney           

Last Minutes Defensive
   Center                   Left Wing                Right Wing               Defense                  Defense                  
   Radek Dvorak             Nick Tarnasky            Colin Fraser             Denis Grebeshkov         Taylor Chorney           

Goaltenders
Starting : Dustin Tokarski          
Backup : Igor Bobkov              

Extra Forwards
Normal : Kelly Zajac, Brendan Ranford, Jay Rosehill - PP : Kelly Zajac, Brendan Ranford - PK : Jay Rosehill
Extra Defensemen
Normal : Denny Urban, Brennan Evans, Denis Grebeshkov - PP : Denny Urban - PK : Brennan Evans, Taylor Chorney
Penalty Shots
Kelly Zajac, Jay Rosehill, Nick Tarnasky, Brendan Ranford, Mike Hedden

Penguins

5 vs 5 Forward 
   Center                   Left Wing                Right Wing               Time % Phy DF OF 
 1 Linden Vey               Curtis McKenzie          Carson McMillan          35     1   2  2  
 2 Charles Sarault          Philippe Cornet          Garrett Meurs            30     1   2  2  
 3 Curtis McKenzie          Matt Kassian             Matt Mangene             22     1   2  2  
 4 Linden Vey               Hunter Bishop            Ryan Spooner             13     1   2  2  

5 vs 5 Defense 
   Defense                  Defense                                           Time % Phy DF OF 
 1 Cody Ceci                Jeff Schultz                                      35     1   2  2  
 2 Dan Biega                Xavier Ouellet                                    30     1   2  2  
 3 Dan Biega                Drew Bagnall                                      22     1   2  2  
 4 Dean Arsene              Cody Ceci                                         13     1   2  2  

PowerPlay Forward 
   Center                   Left Wing                Right Wing               Time % Phy DF OF 
 1 Linden Vey               Curtis McKenzie          Carson McMillan          60     1   2  2  
 2 Charles Sarault          Philippe Cornet          Garrett Meurs            40     1   2  2  

PowerPlay Defense
   Defense                  Defense                                           Time % Phy DF OF 
 1 Cody Ceci                Jeff Schultz                                      60     1   2  2  
 2 Dan Biega                Xavier Ouellet                                    40     1   2  2  

Penalty Kill 4 Players Forward 
   Center                   Wing                     Time % Phy DF OF 
 1 Curtis McKenzie          Linden Vey               60     1   2  2  
 2 Philippe Cornet          Matt Kassian             40     1   2  2  

Penalty Kill 4 Players Defense
   Defense                  Defense                  Time % Phy DF OF 
 1 Cody Ceci                Jeff Schultz             60     1   2  2  
 2 Dan Biega                Xavier Ouellet           40     1   2  2  

Penalty Kill - 3 Players Forward 
   Forward                                           Time % Phy DF OF 
 1 Curtis McKenzie                                   60     1   2  2  
 2 Linden Vey                                        40     1   2  2  

Penalty Kill - 3 Players Defense
   Defense                  Defense                  Time % Phy DF OF 
 1 Cody Ceci                Jeff Schultz             60     1   2  2  
 2 Dean Arsene              Xavier Ouellet           40     1   2  2  

4 vs 4 Forward 
   Center                   Wing                     Time % Phy DF OF 
 1 Curtis McKenzie          Linden Vey               60     1   2  2  
 2 Philippe Cornet          Matt Kassian             40     1   2  2  

4 vs 4 Defense
   Defense                  Defense                  Time % Phy DF OF 
 1 Cody Ceci                Jeff Schultz             60     1   2  2  
 2 Drew Bagnall             Xavier Ouellet           40     1   2  2  

Last Minutes Offensive
   Center                   Left Wing                Right Wing               Defense                  Defense                  
   Linden Vey               Curtis McKenzie          Carson McMillan          Cody Ceci                Jeff Schultz             

Last Minutes Defensive
   Center                   Left Wing                Right Wing               Defense                  Defense                  
   Linden Vey               Curtis McKenzie          Carson McMillan          Cody Ceci                Jeff Schultz             

Goaltenders
Starting : Keith Kinkaid            
Backup : Mark Visentin            

Extra Forwards
Normal : Hunter Bishop, Matt Mangene, Curtis McKenzie - PP : Hunter Bishop, Matt Mangene - PK : Linden Vey
Extra Defensemen
Normal : Dan Biega, Drew Bagnall, Dean Arsene - PP : Dan Biega - PK : Drew Bagnall, Dean Arsene
Penalty Shots
Curtis McKenzie, Linden Vey, Philippe Cornet, Matt Kassian, Carson McMillan

% Time on Ice - Whale

Lines # - Real PCT - Wanted PCT - Time Play
Normal Forward
1 - 32% - 35% - 18:20
2 - 30% - 30% - 17:20
3 - 28% - 22% - 16:12
4 - 9% - 13% - 5:07
Normal Defense
1 - 31% - 35% - 17:33
2 - 33% - 30% - 18:53
3 - 28% - 22% - 15:46
4 - 8% - 13% - 4:47
PP Forward
1 - 0% - 60%
2 - 0% - 40%
PP Defense
1 - 0% - 60%
2 - 0% - 40%
PK Forward
1 - 100% - 60% - 2:28
2 - 0% - 40% - 0:00
PK Defense
1 - 40% - 60% - 0:59
2 - 60% - 40% - 1:29
PK3 Forward
1 - 0% - 60%
2 - 0% - 40%
PK3 Defense
1 - 0% - 60%
2 - 0% - 40%
44 Forward
1 - 0% - 60%
2 - 0% - 40%
44 Defense
1 - 0% - 60%
2 - 0% - 40%
Last Minute Offensive  - 0:33
Last Minute Defensive  - 0:00
Total
Forward - 60:00
Defense - 60:00

% Time on Ice - Penguins

Lines # - Real PCT - Wanted PCT - Time Play
Normal Forward
1 - 23% - 35% - 13:10
2 - 30% - 30% - 16:59
3 - 24% - 22% - 13:37
4 - 23% - 13% - 13:03
Normal Defense
1 - 32% - 35% - 18:17
2 - 29% - 30% - 16:36
3 - 23% - 22% - 13:06
4 - 16% - 13% - 8:50
PP Forward
1 - 55% - 60% - 1:22
2 - 45% - 40% - 1:06
PP Defense
1 - 64% - 60% - 1:35
2 - 36% - 40% - 0:53
PK Forward
1 - 0% - 60%
2 - 0% - 40%
PK Defense
1 - 0% - 60%
2 - 0% - 40%
PK3 Forward
1 - 0% - 60%
2 - 0% - 40%
PK3 Defense
1 - 0% - 60%
2 - 0% - 40%
44 Forward
1 - 0% - 60%
2 - 0% - 40%
44 Defense
1 - 0% - 60%
2 - 0% - 40%
Last Minute Offensive  - 0:00
Last Minute Defensive  - 0:43
Total
Forward - 60:00
Defense - 60:00

Play by Play

1st period


0:01 of 1st period - Radek Dvorak wins face-off versus Linden Vey in neutral zone.
0:04 of 1st period - Slapshot by Denis Grebeshkov.
0:04 of 1st period - Shot Blocked by Cody Ceci.
0:14 of 1st period - Slapshot by Denis Grebeshkov.
0:14 of 1st period - Shot Blocked by Cody Ceci.
0:16 of 1st period - Slapshot by Denis Grebeshkov.
0:16 of 1st period - Shot Blocked by Jeff Schultz.
1:03 of 1st period - Dallas Jackson is hit by Philippe Cornet and loses puck.
1:54 of 1st period - Matt Kassian and Mike Moore fight to a draw.
1:54 of 1st period - Penalty to Matt Kassian for Fighting.
1:54 of 1st period - Penalty to Mike Moore for Fighting.
1:55 of 1st period - Nick Tarnasky wins face-off versus Hunter Bishop in Penguins zone.
2:23 of 1st period - Snap shot by Nick Tarnasky.
2:23 of 1st period - Shot Misses the Net.
2:25 of 1st period - Slapshot by Dallas Jackson.
2:25 of 1st period - Stopped by Keith Kinkaid without a rebound.
2:26 of 1st period - Kelly Zajac wins face-off versus Curtis McKenzie in Penguins zone.
2:48 of 1st period - Slapshot by Kelly Zajac.
2:48 of 1st period - Shot Misses the Net.
2:50 of 1st period - Slapshot by Taylor Chorney.
2:50 of 1st period - Deflect By Derek Nesbitt.
2:50 of 1st period - Shot Misses the Net.
2:50 of 1st period - Puck is out of play.
2:51 of 1st period - Radek Dvorak wins face-off versus Charles Sarault in Penguins zone.
3:04 of 1st period - Wrist shot by Nick Tarnasky.
3:04 of 1st period - Stopped by Keith Kinkaid without a rebound.
3:05 of 1st period - Charles Sarault wins face-off versus Radek Dvorak in Penguins zone.
3:05 of 1st period - Charles Sarault is hit by Colin Fraser.
3:31 of 1st period - Slapshot by Cody Ceci.
3:31 of 1st period - Shot Misses the Net.
3:34 of 1st period - Icing by Colin Fraser.
3:35 of 1st period - Linden Vey wins face-off versus Nick Tarnasky in Whale zone.
3:42 of 1st period - Linden Vey is hit by Colin Fraser and loses puck.
4:01 of 1st period - Wrist shot by Mike Hedden.
4:01 of 1st period - Shot Blocked by Curtis McKenzie.
4:05 of 1st period - Wrist shot by John McCarthy.
4:05 of 1st period - Shot Misses the Net.
4:07 of 1st period - Slapshot by Denis Grebeshkov.
4:07 of 1st period - Shot Misses the Net.
4:09 of 1st period - Slapshot by Denis Grebeshkov.
4:09 of 1st period - Shot Misses the Net.
4:11 of 1st period - Slapshot by Taylor Chorney.
4:11 of 1st period - Deflect By Dan Biega.
4:11 of 1st period - Stopped by Keith Kinkaid without a rebound.
4:12 of 1st period - Hunter Bishop wins face-off versus Kelly Zajac in Penguins zone.
4:25 of 1st period - Taylor Chorney is hit by Cody Ceci and loses puck.
5:45 of 1st period - Slapshot by Ryan Spooner.
5:45 of 1st period - Shot Misses the Net.
7:11 of 1st period - Philippe Cornet is hit by Nick Tarnasky and loses puck.
7:33 of 1st period - Mike Moore is hit by Hunter Bishop and loses puck.
8:06 of 1st period - Wrist shot by Ryan Spooner.
8:06 of 1st period - Shot Blocked by Mike Hedden.
8:32 of 1st period - Dan Biega is hit by Radek Dvorak and loses puck.
8:55 of 1st period - Derek Nesbitt is hit by Curtis McKenzie and loses puck.
9:33 of 1st period - Icing by Dallas Jackson.
9:34 of 1st period - Kelly Zajac wins face-off versus Matt Mangene in Whale zone.
11:01 of 1st period - Wrist shot by John McCarthy.
11:01 of 1st period - Stopped by Keith Kinkaid without a rebound.
11:02 of 1st period - John McCarthy wins face-off versus Linden Vey in Penguins zone.
11:15 of 1st period - Snap shot by Dan Biega.
11:15 of 1st period - Stopped by Dustin Tokarski without a rebound.
11:16 of 1st period - Linden Vey wins face-off versus Colin Fraser in Whale zone.
11:46 of 1st period - Derek Nesbitt is hit by Dan Biega and loses puck.
12:05 of 1st period - Slapshot by Matt Kassian.
12:05 of 1st period - Stopped by Dustin Tokarski with a rebound.
12:15 of 1st period - Cody Ceci is hit by Mike Moore and loses puck.
12:34 of 1st period - Snap shot by Denis Grebeshkov.
12:34 of 1st period - Stopped by Keith Kinkaid with a rebound.
12:36 of 1st period - Wrist shot by Denis Grebeshkov.
12:36 of 1st period - Stopped by Keith Kinkaid with a rebound.
12:38 of 1st period - Slapshot by Taylor Chorney.
12:38 of 1st period - Stopped by Keith Kinkaid without a rebound.
12:39 of 1st period - Radek Dvorak wins face-off versus Linden Vey in Penguins zone.
12:52 of 1st period - Slapshot by Dan Biega.
12:52 of 1st period - Deflect By Ryan Spooner.
12:52 of 1st period - Stopped by Dustin Tokarski with a rebound.
14:49 of 1st period - Jay Rosehill is hit by Matt Kassian and loses puck.
15:46 of 1st period - Snap shot by Ryan Spooner.
15:46 of 1st period - Shot Blocked by Brennan Evans.
16:00 of 1st period - Kelly Zajac is hit by Dean Arsene and loses puck.
16:11 of 1st period - Snap shot by Linden Vey.
16:11 of 1st period - Shot Blocked by Kelly Zajac.
16:13 of 1st period - Backhand shot by Linden Vey.
16:13 of 1st period - Stopped by Dustin Tokarski without a rebound.
16:14 of 1st period - Kelly Zajac wins face-off versus Philippe Cornet in Whale zone.
16:42 of 1st period - Wrist shot by Ryan Spooner.
16:42 of 1st period - Shot Misses the Net.
18:06 of 1st period - Off-side.
18:07 of 1st period - John McCarthy wins face-off versus Curtis McKenzie in neutral zone.
18:37 of 1st period - Wrist shot by Charles Sarault.
18:37 of 1st period - Stopped by Dustin Tokarski without a rebound.
18:38 of 1st period - Radek Dvorak wins face-off versus Charles Sarault in Whale zone.
Goals for this period are 0 for Whale vs 0 for Penguins.
Shots for this period are 7 for Whale vs 5 for Penguins.

2nd period


0:01 of 2nd period - Radek Dvorak wins face-off versus Linden Vey in neutral zone.
0:33 of 2nd period - Slapshot by Taylor Chorney.
0:33 of 2nd period - Stopped by Keith Kinkaid with a rebound.
1:29 of 2nd period - Slapshot by Matt Kassian.
1:29 of 2nd period - Stopped by Dustin Tokarski with a rebound.
1:31 of 2nd period - Snap shot by Curtis McKenzie.
1:31 of 2nd period - Shot Misses the Net.
1:47 of 2nd period - Snap shot by Matt Kassian.
1:47 of 2nd period - Shot Blocked by John McCarthy.
1:49 of 2nd period - Slapshot by Xavier Ouellet.
1:49 of 2nd period - Stopped by Dustin Tokarski without a rebound.
1:50 of 2nd period - Kelly Zajac wins face-off versus Linden Vey in Whale zone.
2:03 of 2nd period - Wrist shot by Cody Ceci.
2:03 of 2nd period - Shot Blocked by Mike Moore.
2:05 of 2nd period - Snap shot by Hunter Bishop.
2:05 of 2nd period - Shot Misses the Net.
2:39 of 2nd period - Snap shot by Colin Fraser.
2:39 of 2nd period - Shot Blocked by Drew Bagnall.
3:28 of 2nd period - Jeff Schultz is hit by Nick Tarnasky and loses puck.
4:17 of 2nd period - Charles Sarault is hit by James Livingston and loses puck.
5:05 of 2nd period - Snap shot by Kelly Zajac.
5:05 of 2nd period - Deflect By Derek Nesbitt.
5:05 of 2nd period - Shot Blocked by Cody Ceci.
5:05 of 2nd period - Puck is out of play.
5:06 of 2nd period - Charles Sarault wins face-off versus Kelly Zajac in Penguins zone.
5:23 of 2nd period - Wrist shot by Charles Sarault.
5:23 of 2nd period - Stopped by Dustin Tokarski without a rebound.
5:24 of 2nd period - Charles Sarault wins face-off versus Radek Dvorak in Whale zone.
8:41 of 2nd period - Snap shot by Jay Rosehill.
8:41 of 2nd period - Shot Misses the Net.
8:59 of 2nd period - Slapshot by Cody Ceci.
8:59 of 2nd period - Stopped by Dustin Tokarski with a rebound.
10:00 of 2nd period - Slapshot by Ryan Spooner.
10:00 of 2nd period - Shot Blocked by Denis Grebeshkov.
10:04 of 2nd period - Snap shot by Ryan Spooner.
10:04 of 2nd period - Shot Blocked by Denis Grebeshkov.
10:06 of 2nd period - Slapshot by Jeff Schultz.
10:06 of 2nd period - Shot Misses the Net.
10:08 of 2nd period - Wrist shot by Linden Vey.
10:08 of 2nd period - Shot Blocked by Taylor Chorney.
10:22 of 2nd period - Matt Mangene is hit by Nick Tarnasky and loses puck.
11:07 of 2nd period - Philippe Cornet is hit by Dallas Jackson and loses puck.
11:14 of 2nd period - Dallas Jackson is hit by Carson McMillan and loses puck.
11:40 of 2nd period - Minor Penalty to Brennan Evans for Tripping.
11:41 of 2nd period - Charles Sarault wins face-off versus Mike Hedden in Whale zone.
12:10 of 2nd period - Icing by Xavier Ouellet.
12:11 of 2nd period - Colin Fraser wins face-off versus Linden Vey in Penguins zone.
12:37 of 2nd period - Kelly Zajac is hit by Garrett Meurs.
13:03 of 2nd period - Wrist shot by Carson McMillan.
13:03 of 2nd period - Stopped by Dustin Tokarski with a rebound.
13:05 of 2nd period - Slapshot by Jeff Schultz.
13:05 of 2nd period - Shot Misses the Net.
13:40 of 2nd period - Penalty to Brennan Evans is over, Brennan Evans is back on ice.
14:47 of 2nd period - Brendan Ranford is hit by Ryan Spooner and loses puck.
15:10 of 2nd period - John McCarthy is hit by Matt Kassian and loses puck.
15:49 of 2nd period - Slapshot by Cody Ceci.
15:49 of 2nd period - Stopped by Dustin Tokarski without a rebound.
15:50 of 2nd period - Charles Sarault wins face-off versus Radek Dvorak in Whale zone.
16:22 of 2nd period - Icing by Linden Vey.
16:23 of 2nd period - Carson McMillan wins face-off versus Kelly Zajac in Penguins zone.
16:28 of 2nd period - Cody Ceci is hit by Derek Nesbitt and loses puck.
Goals for this period are 0 for Whale vs 0 for Penguins.
Shots for this period are 1 for Whale vs 6 for Penguins.

3rd period


0:01 of 3rd period - Linden Vey wins face-off versus Radek Dvorak in neutral zone.
0:10 of 3rd period - Snap shot by Taylor Chorney.
0:10 of 3rd period - Stopped by Keith Kinkaid with a rebound.
0:12 of 3rd period - Slapshot by Taylor Chorney.
0:12 of 3rd period - Stopped by Keith Kinkaid with a rebound.
0:14 of 3rd period - Snap shot by Colin Fraser.
0:14 of 3rd period - Shot Misses the Net.
0:16 of 3rd period - Slapshot by Taylor Chorney.
0:16 of 3rd period - Stopped by Keith Kinkaid with a rebound.
0:46 of 3rd period - Wrist shot by Mike Hedden.
0:46 of 3rd period - Deflect By John McCarthy.
0:46 of 3rd period - Stopped by Keith Kinkaid without a rebound.
0:47 of 3rd period - Charles Sarault wins face-off versus John McCarthy in Penguins zone.
1:02 of 3rd period - Wrist shot by Philippe Cornet.
1:02 of 3rd period - Shot Misses the Net.
1:04 of 3rd period - Snap shot by Charles Sarault.
1:04 of 3rd period - Stopped by Dustin Tokarski without a rebound.
1:05 of 3rd period - Charles Sarault wins face-off versus Brendan Ranford in Whale zone.
1:19 of 3rd period - Slapshot by Philippe Cornet.
1:19 of 3rd period - Stopped by Dustin Tokarski with a rebound.
1:36 of 3rd period - Minor Penalty to Derek Nesbitt for Hooking.
1:37 of 3rd period - Mike Hedden wins face-off versus Linden Vey in Whale zone.
2:05 of 3rd period - Slapshot by Cody Ceci.
2:05 of 3rd period - Goal by Cody Ceci - Whale : 0 - Penguins : 1.
2:06 of 3rd period - Philippe Cornet wins face-off versus Radek Dvorak in neutral zone.
2:09 of 3rd period - Slapshot by Cody Ceci.
2:09 of 3rd period - Stopped by Dustin Tokarski without a rebound.
2:10 of 3rd period - Colin Fraser wins face-off versus Charles Sarault in Whale zone.
2:10 of 3rd period - Colin Fraser is hit by Jeff Schultz.
2:16 of 3rd period - Jeff Schultz is hit by Nick Tarnasky and loses puck.
2:29 of 3rd period - Slapshot by Denis Grebeshkov.
2:29 of 3rd period - Shot Blocked by Philippe Cornet.
2:31 of 3rd period - Snap shot by Radek Dvorak.
2:31 of 3rd period - Shot Misses the Net.
2:59 of 3rd period - Snap shot by Linden Vey.
2:59 of 3rd period - Stopped by Dustin Tokarski with a rebound.
3:01 of 3rd period - Slapshot by Xavier Ouellet.
3:01 of 3rd period - Stopped by Dustin Tokarski without a rebound.
3:02 of 3rd period - Carson McMillan wins face-off versus John McCarthy in Whale zone.
3:28 of 3rd period - Slapshot by Xavier Ouellet.
3:28 of 3rd period - Shot Blocked by Mike Hedden.
3:30 of 3rd period - Slapshot by Carson McMillan.
3:30 of 3rd period - Shot Misses the Net.
3:32 of 3rd period - Backhand shot by Dan Biega.
3:32 of 3rd period - Shot Blocked by Dallas Jackson.
3:58 of 3rd period - Dallas Jackson is hit by Matt Kassian and loses puck.
4:03 of 3rd period - Snap shot by Matt Kassian.
4:03 of 3rd period - Stopped by Dustin Tokarski without a rebound.
4:04 of 3rd period - Kelly Zajac wins face-off versus Charles Sarault in Whale zone.
4:18 of 3rd period - Snap shot by Brendan Ranford.
4:18 of 3rd period - Shot Misses the Net.
4:20 of 3rd period - Wrist shot by Brendan Ranford.
4:20 of 3rd period - Stopped by Keith Kinkaid with a rebound.
4:24 of 3rd period - Wrist shot by Brendan Ranford.
4:24 of 3rd period - Shot Misses the Net.
4:26 of 3rd period - Slapshot by Taylor Chorney.
4:26 of 3rd period - Deflect By Jeff Schultz.
4:26 of 3rd period - Stopped by Keith Kinkaid with a rebound.
4:28 of 3rd period - Wrist shot by Kelly Zajac.
4:28 of 3rd period - Stopped by Keith Kinkaid without a rebound.
4:29 of 3rd period - Linden Vey wins face-off versus Radek Dvorak in Penguins zone.
4:45 of 3rd period - Snap shot by Radek Dvorak.
4:45 of 3rd period - Deflect By Colin Fraser.
4:45 of 3rd period - Stopped by Keith Kinkaid with a rebound.
4:47 of 3rd period - Snap shot by Colin Fraser.
4:47 of 3rd period - Shot Misses the Net.
4:49 of 3rd period - Snap shot by Nick Tarnasky.
4:49 of 3rd period - Stopped by Keith Kinkaid with a rebound.
4:51 of 3rd period - Slapshot by Brennan Evans.
4:51 of 3rd period - Stopped by Keith Kinkaid without a rebound.
4:52 of 3rd period - Kelly Zajac wins face-off versus Charles Sarault in Penguins zone.
5:28 of 3rd period - Snap shot by Brendan Ranford.
5:28 of 3rd period - Stopped by Keith Kinkaid with a rebound.
5:30 of 3rd period - Slapshot by Taylor Chorney.
5:30 of 3rd period - Shot Misses the Net.
5:56 of 3rd period - Slapshot by Colin Fraser.
5:56 of 3rd period - Stopped by Keith Kinkaid with a rebound.
5:58 of 3rd period - Snap shot by Colin Fraser.
5:58 of 3rd period - Stopped by Keith Kinkaid with a rebound.
6:00 of 3rd period - Snap shot by Dallas Jackson.
6:00 of 3rd period - Shot Misses the Net.
6:02 of 3rd period - Wrist shot by Colin Fraser.
6:02 of 3rd period - Stopped by Keith Kinkaid without a rebound.
6:03 of 3rd period - John McCarthy wins face-off versus Linden Vey in Penguins zone.
6:04 of 3rd period - Snap shot by Mike Hedden.
6:04 of 3rd period - Shot Misses the Net.
6:56 of 3rd period - Matt Mangene is hit by Brennan Evans and loses puck.
7:11 of 3rd period - Snap shot by Nick Tarnasky.
7:11 of 3rd period - Shot Misses the Net.
7:43 of 3rd period - Snap shot by Linden Vey.
7:43 of 3rd period - Stopped by Dustin Tokarski with a rebound.
7:55 of 3rd period - Dan Biega is hit by Derek Nesbitt and loses puck.
8:20 of 3rd period - Jay Rosehill is hit by Matt Kassian and loses puck.
9:17 of 3rd period - Wrist shot by Radek Dvorak.
9:17 of 3rd period - Shot Misses the Net.
9:19 of 3rd period - Slapshot by Denny Urban.
9:19 of 3rd period - Shot Blocked by Cody Ceci.
9:21 of 3rd period - Wrist shot by Radek Dvorak.
9:21 of 3rd period - Shot Blocked by Charles Sarault.
9:37 of 3rd period - Wrist shot by Mike Hedden.
9:37 of 3rd period - Stopped by Keith Kinkaid with a rebound.
9:39 of 3rd period - Slapshot by Brennan Evans.
9:39 of 3rd period - Stopped by Keith Kinkaid without a rebound.
9:40 of 3rd period - Linden Vey wins face-off versus John McCarthy in Penguins zone.
10:00 of 3rd period - Dallas Jackson is hit by Matt Mangene and loses puck.
10:15 of 3rd period - Ryan Spooner is hit by Mike Moore and loses puck.
11:26 of 3rd period - Slapshot by Cody Ceci.
11:26 of 3rd period - Shot Misses the Net.
12:02 of 3rd period - Slapshot by Colin Fraser.
12:02 of 3rd period - Shot Misses the Net.
12:04 of 3rd period - Wrist shot by Taylor Chorney.
12:04 of 3rd period - Deflect By Cody Ceci.
12:04 of 3rd period - Stopped by Keith Kinkaid without a rebound.
12:05 of 3rd period - Radek Dvorak wins face-off versus Linden Vey in Penguins zone.
12:29 of 3rd period - Carson McMillan is hit by Brendan Ranford.
13:58 of 3rd period - Slapshot by Cody Ceci.
13:58 of 3rd period - Stopped by Dustin Tokarski with a rebound.
14:00 of 3rd period - Slapshot by Cody Ceci.
14:00 of 3rd period - Shot Blocked by Denny Urban.
14:02 of 3rd period - Slapshot by Jeff Schultz.
14:02 of 3rd period - Deflect By Brendan Ranford.
14:02 of 3rd period - Stopped by Dustin Tokarski without a rebound.
14:03 of 3rd period - Curtis McKenzie wins face-off versus Radek Dvorak in Whale zone.
14:04 of 3rd period - Wrist shot by Cody Ceci.
14:04 of 3rd period - Deflect By Curtis McKenzie.
14:04 of 3rd period - Shot Misses the Net.
14:04 of 3rd period - Puck is out of play.
14:05 of 3rd period - Curtis McKenzie wins face-off versus Radek Dvorak in Whale zone.
15:02 of 3rd period - Slapshot by Cody Ceci.
15:02 of 3rd period - Shot Misses the Net.
15:05 of 3rd period - Icing by Mike Moore.
15:06 of 3rd period - Kelly Zajac wins face-off versus Curtis McKenzie in Whale zone.
15:27 of 3rd period - Wrist shot by Garrett Meurs.
15:27 of 3rd period - Stopped by Dustin Tokarski without a rebound.
15:28 of 3rd period - Radek Dvorak wins face-off versus Garrett Meurs in Whale zone.
15:50 of 3rd period - Mike Hedden is hit by Dan Biega and loses puck.
16:10 of 3rd period - Off-side.
16:11 of 3rd period - Kelly Zajac wins face-off versus Curtis McKenzie in neutral zone.
18:31 of 3rd period - Ryan Spooner is hit by Radek Dvorak and loses puck.
18:52 of 3rd period - Slapshot by Matt Mangene.
18:52 of 3rd period - Shot Blocked by James Livingston.
18:54 of 3rd period - Wrist shot by Matt Kassian.
18:54 of 3rd period - Shot Misses the Net.
18:56 of 3rd period - Backhand shot by Drew Bagnall.
18:56 of 3rd period - Deflect By Matt Mangene.
18:56 of 3rd period - Shot Blocked by Denny Urban.
18:56 of 3rd period - Puck is out of play.
18:57 of 3rd period - Ron Rolston call a timeout for Whale.
18:57 of 3rd period - John McCarthy wins face-off versus Garrett Meurs in Whale zone.
19:31 of 3rd period - Whale, Dustin Tokarski is pulled from the net.
Goals for this period are 0 for Whale vs 1 for Penguins.
Shots for this period are 17 for Whale vs 11 for Penguins.


Output by the SimonT Hockey Simulator (STHS) for Eric Dolegowski -- Original Page W3C XHTML 1.0 Valid
Hockey Simulator - Hockey Simulation - Hockey Manager